 Dungeon Crawl Stone Soup version 0.23.2-33-g5129a83184 (webtiles) character file.

Game seed: 15869133355523582032

179 Destapler the Skirmisher (level 5, -7/59 HPs)
             Began as an Ogre Chaos Knight on Aug 1, 2019.
             Was a Plaything of Xom.
             Mangled by a phantom (8 damage)
             ... on level 4 of the Dungeon.
             The game lasted 00:05:26 (2034 turns).

Destapler the Skirmisher (Ogre Chaos Knight)        Turns: 2034, Time: 00:05:27

Health: -7/59      AC:  5    Str: 22    XL:     5   Next: 59%
Magic:  14/14      EV: 11    Int: 18    God:    Xom [..*...]
Gold:   47         SH:  0    Dex:  8    Spells: 4/4 levels left

rFire    . . .     SeeInvis .   a - +0 mace (chaos)
rCold    . . .     Gourm    .   (no shield)
rNeg     . . .     Faith    .   b - +2 robe
rPois    .         Spirit   .   (helmet restricted)
rElec    .         Reflect  .   (no cloak)
rCorr    .         Harm     .   (gloves unavailable)
MR       .....                  (boots unavailable)
Stlth    +.........             (no amulet)
HPRegen  0.19/turn              i - ring of magical power
MPRegen  0.14/turn              (no ring)

@: mighty, brilliant, lethally poisoned (-7 -> -18), contaminated, glowing
A: large, unfitting armour, tough skin 1
a: Renounce Religion


You were on level 4 of the Dungeon.
You worshipped Xom.
You were a toy of Xom.
You were hungry.

You visited 1 branch of the dungeon, and saw 3 of its levels.

You collected 47 gold pieces.

Inventory:

Hand Weapons
 a - a +0 mace of chaos (weapon)
 d - a +1 short sword of venom
Missiles
 g - 45 stones (quivered)
Armour
 b - a +2 robe (worn)
Jewellery
 i - a ring of magical power (left hand)
 m - an uncursed ring of flight {unknown}
Scrolls
 e - a scroll of immolation {unknown}
 f - a scroll of amnesia {unknown}
 h - a scroll of identify {unknown}
 l - a scroll of fog {unknown}
Comestibles
 c - 6 rations
 j - 3 chunks of flesh


   Skills:
 * Level 6.2 Fighting
 - Level 2.8 Maces & Flails
 * Level 3.9 Dodging


You had 4 spell levels left.
You didn't know any spells.
Your spell library was empty.

Dungeon Overview and Level Annotations

Branches:
Dungeon (2/15)

Altars:
Nemelex Xobeh


Innate Abilities, Weirdness & Mutations

You are too large for most types of armour.
You have tough skin. (AC +1)


Message History

You hit the worker ant. You burn the worker ant.
The worker ant is moderately wounded.
You feel sick. The worker ant bites you.
* * * LOW HITPOINT WARNING * * *
You are more poisoned.
The worker ant poisons you! The worker ant misses you.
It was a potion of brilliance.
You feel clever all of a sudden.
* * * LOW HITPOINT WARNING * * *
You feel sick. The worker ant barely misses you.
You thump the worker ant!
The worker ant appears confused.
The worker ant is heavily wounded.
* * * LOW HITPOINT WARNING * * *
You feel sick.
* * * LOW HITPOINT WARNING * * *
You feel sick.
You closely miss something.
* * * LOW HITPOINT WARNING * * *
You feel sick. Something hits you!
You die...

# .###
##########....
#....†....#
#.........####.
#...[.@........
#..!..†...#..#.
.....#####a..##
..... .### ....
.# ... # ...


You could see a worker ant (confused).

Vanquished Creatures
  A howler monkey (D:4)
  Jessica (D:2)
  2 worker ants (D:4)
  A gnoll (D:1)
  2 adders (D:2)
  2 worms (D:2)
  2 ball pythons (D:1)
  3 bats (D:1)
  8 goblins
  5 hobgoblins
  3 kobolds
  5 frilled lizards
  2 rats
37 creatures vanquished.

Notes
Turn   | Place    | Note
-------+----------+-------------------------------------------
     0 | D:1      | Destapler the Ogre Chaos Knight began the quest for the
                  | Orb.
     0 | D:1      | Reached XP level 1. HP: 24/24 MP: 1/1
    77 | D:1      | Reached XP level 2. HP: 23/32 MP: 2/2
   118 | D:1      | XOM: divination: detect items
   575 | D:1      | XOM is BORED!
   575 | D:1      | XOM: mild Tloc miscast
   693 | D:1      | Reached XP level 3. HP: 4/41 MP: 3/3
  1341 | D:1      | XOM: god gift: cyan potion {god gift}
  1575 | D:2      | Reached skill level 5 in Fighting
  1735 | D:2      | Found a sparkling altar of Nemelex Xobeh.
  1745 | D:2      | Noticed Jessica
  1749 | D:2      | Reached XP level 4. HP: 50/50 MP: 4/4
  1759 | D:2      | Killed Jessica
  1938 | D:2      | XOM: cloud trail
  2019 | D:2      | You fall through a shaft for 2 floors!
  2019 | D:4      | XOM: potion effect (might)
  2020 | D:4      | Noticed a phantom
  2021 | D:4      | Reached XP level 5. HP: 58/59 MP: 5/5
  2027 | D:4      | Reached skill level 6 in Fighting
  2034 | D:4      | HP: 1/59 [poisoned by a worker ant]
  2034 | D:4      | Mangled by a phantom

Skill      XL: |  1  2  3  4  5 |
---------------+----------------+-----
Fighting       | 5 6 |  6.2
Dodging        | 3 |  3.9
Maces & Flails | |  2.8

Action                   |  1- 3 |  4- 6 || total
-------------------------+-------+-------++-------
Melee: Mace              |    98 |    34 ||   132
  Use: Potion            |     1 |     1 ||     2
 Stab: Petrifying        |     1 |       ||     1
       Confused          |     2 |       ||     2
       Paralysed         |     2 |       ||     2
  Eat: Chunk             |     3 |       ||     3
Armor: Robe              |    34 |    10 ||    44
Dodge: Dodged            |    67 |    20 ||    87
